 Dungeon Crawl Stone Soup version 0.24-a0-586-g8e0e932a4c (webtiles) character file.

Game seed: 7633236410246143128, levelgen mode: deterministic

49 Holzbalken the Cudgeler (level 3, 0/27 HPs)
             Began as a Demonspawn Gladiator on Sept 8, 2019.
             Succumbed to an adder's poison
             ... on level 2 of the Dungeon.
             The game lasted 00:03:01 (1499 turns).

Holzbalken the Cudgeler (Demonspawn Gladiator)      Turns: 1499, Time: 00:03:02

Health: 0/27       AC:  4    Str: 15    XL:     3   Next: 51%
Magic:  3/3        EV: 12    Int:  9    God:
Gold:   39         SH:  0    Dex: 14    Spells: 2/2 levels left

rFire    . . .     SeeInvis .   a - +0 flail
rCold    + . .     Gourm    .   (no shield)
rNeg     . . .     Faith    .   b - +0 leather armour
rPois    .         Spirit   .   (helmet restricted)
rElec    .         Reflect  .   j - +0 cloak
rCorr    .         Harm     .   (no gloves)
MR       .....                  (no boots)
Stlth    +.........             (no amulet)
HPRegen  0.09/turn              (no ring)
MPRegen  0.08/turn              (no ring)

@: lethally poisoned (0 -> -6)
A: antennae 1, cold resistance 1
a: no special abilities


You were on level 2 of the Dungeon.
You were not hungry.

You visited 1 branch of the dungeon, and saw 2 of its levels.

You collected 39 gold pieces.

Inventory:

Hand Weapons
 a - a +0 flail (weapon)
Missiles
 d - 3 throwing nets (quivered)
Armour
 b - a +0 leather armour (worn)
 c - a +0 helmet
 j - a +0 cloak (worn)
Scrolls
 e - a scroll of teleportation {unknown}
 h - a scroll of remove curse {unknown}
 i - a scroll of magic mapping {unknown}
Potions
 k - a potion of haste {unknown}
 l - a potion of flight {unknown}
Comestibles
 f - 2 rations
 g - a chunk of flesh


   Skills:
 - Level 2.0 Fighting
 + Level 4.2 Maces & Flails
 - Level 1.7 Throwing
 - Level 2.6 Dodging


You had 2 spell levels left.
You didn't know any spells.
Your spell library was empty.

Dungeon Overview and Level Annotations

Branches:
Dungeon (2/15)

Altars:


Innate Abilities, Weirdness & Mutations

You have a pair of small antennae on your head.
Your flesh is cold resistant. (rC+)


Message History

You hit the jackal.
You kill the jackal!
The jackal bites you but does no damage.
The jackal closely misses you. The jackal closely misses you.
The jackal bites you but does no damage.
Things that are here:
a cursed -3 mace; a jackal corpse You hit the jackal.
The jackal is moderately wounded.
The jackal closely misses you.
You hit the jackal.
You kill the jackal!
The adder bites you but does no damage. The adder bites you.
* * * LOW HITPOINT WARNING * * *
You are lethally poisoned!
The adder poisons you! The adder bites you.
* * * LOW HITPOINT WARNING * * *
You die...

...)......
#........######
..#......#...
..........##
##.........##
[###............
.....#(........#
.......S@.......
....<..)........
....###†).####.. # ..
#......# #.
#######......# .>.
.............# #
....#####.....)†.####(#
#....................
#...................#


You could see an adder.

Vanquished Creatures
  An adder (D:2)
  2 giant cockroaches (D:1)
  6 goblins
  3 hobgoblins (D:1)
  7 jackals
  5 bats (D:1)
  2 frilled lizards (D:1)
  6 kobolds
  5 rats
37 creatures vanquished.

Notes
Turn   | Place    | Note
-------+----------+-------------------------------------------
     0 | D:1      | Holzbalken the Demonspawn Gladiator began the quest for the
                  | Orb.
     0 | D:1      | Reached XP level 1. HP: 16/16 MP: 1/1
    28 | D:1      | Reached skill level 3 in Maces & Flails
   130 | D:1      | Gained mutation: You have a pair of small antennae on your
                  | head. [demonic ancestry]
   130 | D:1      | Reached XP level 2. HP: 5/22 MP: 2/2
  1184 | D:1      | Gained mutation: Your flesh is cold resistant. (rC+)
                  | [demonic ancestry]
  1184 | D:1      | Reached XP level 3. HP: 26/27 MP: 3/3
  1477 | D:2      | Reached skill level 4 in Maces & Flails
  1498 | D:2      | HP: 1/27 [adder (2)]
  1499 | D:2      | Succumbed to an adder's poison

Levels and vault maps discovered:
D:1:      saegor_arrival_miasma, layout_loops_cross, serial_forest,
          infiniplex_forest_straight_2, infiniplex_forest_lined_1,
          infiniplex_forest_lined_2, infiniplex_forest_lined_3_way,
          infiniplex_forest_end_3
D:2:      layout_rooms, minmay_tree_intersection, minmay_ruptured

Skill      XL: |  1  2  3 |
---------------+----------+-----
Maces & Flails | 3 4 |  4.2
Fighting       | |  2.0
Throwing       | |  1.7
Dodging        | |  2.6

Action                   || total
-------------------------++-------
Melee: Flail             ||   154
  Eat: Chunk             ||     2
Armor: Leather armour    ||    66
Dodge: Dodged            ||   139

Table legend:
 A = Non-vault XP
 B = Vault XP
 C = Vault XP percentage of total XP
 D = Non-vault monster count
 E = Vault monster count
 F = Vault count percentage of total count
                 A         B        C        D         E       F
            +---------+---------+-------+---------+---------+-------
      Total |      70 |       0 |   0.0 |      37 |       0 |   0.0
            +---------+---------+-------+---------+---------+-------
        D:1 |      41 |       0 |   0.0 |      26 |       0 |   0.0
        D:2 |      29 |       0 |   0.0 |      11 |       0 |   0.0
            +---------+---------+-------+---------+---------+-------
